 Dungeon Crawl Stone Soup version 0.20.0-15-g7f486f2 (webtiles) character file.

184 Chiseanne the Ducker (level 5, -1/41 HPs)
             Began as a Demonspawn Wanderer on June 29, 2017.
             Slain by an ogre
             ... wielding a +0 giant spiked club
              (7 damage)
             ... on level 4 of the Dungeon.
             The game lasted 00:05:22 (2803 turns).

Chiseanne the Ducker (Demonspawn Wanderer)          Turns: 2803, Time: 00:05:23

Health: -1/41      AC: 13    Str: 12    XL:     5   Next: 36%
Magic:  5/5        EV: 11    Int: 16    God:
Gold:   100        SH:  0    Dex: 15    Spells: 4/4 levels left

rFire    . . .     SeeInvis .   s - +0 flail (venom)
rCold    . . .     Gourm    .   (no shield)
rNeg     . . .     Faith    .   x - +1 scale mail
rPois    .         Spirit   .   i - +0 helmet
rElec    .         Reflect  .   (no cloak)
rCorr    .         Harm     .   (no gloves)
MR       .....                  (no boots)
Stlth    +.........             (no amulet)
Regen    0.2/turn               n - +2 ring of protection
MPRegen  0.1/turn               p - +4 ring of intelligence

@: no status effects
A: molten scales 2, spiny 1
a: no special abilities


You were on level 4 of the Dungeon.
You were not hungry.

You visited 1 branch of the dungeon, and saw 4 of its levels.

You collected 100 gold pieces.

Inventory:

Hand Weapons
 a - a +2 falchion
 e - a +2 hunting sling of freezing
 s - a +0 flail of venom (weapon)
Missiles
 d - 14 poisoned needles
 g - 55 arrows
 l - 45 stones (quivered)
 m - 42 sling bullets
 o - 51 bolts
Armour
 i - a +0 helmet (worn)
 x - a +1 scale mail (worn)
Magical Staves
 j - an uncursed staff of energy {unknown}
Jewellery
 n - a +2 ring of protection (left hand)
 p - a +4 ring of intelligence (right hand)
Scrolls
 c - 4 scrolls of teleportation
 k - a scroll of amnesia
Comestibles
 b - 3 chunks of flesh
 f - 7 bread rations
 h - 3 meat rations


   Skills:
 * Level 3.5 Fighting
 - Level 1.7 Long Blades
 * Level 2.1 Armour
 * Level 4.1 Dodging
 - Level 1.7 Stealth
   Level 1.0 Shields


You had 4 spell levels left.
You didn't know any spells.

Dungeon Overview and Level Annotations

Branches:
Dungeon (4/15)
 Temple: D:4-7

Altars:
Dithmenos
Ru
Sif Muna

Annotations:
D:3 exclusion: door


Innate Abilities, Weirdness & Mutations

You are mostly covered in molten scales. (AC +3)
You are partially covered in sharp spines.


Message History

You kill the gnoll!
You closely miss the gnoll. The gnoll is struck by your spines.
The gnoll completely misses you.
You hit the gnoll.
The gnoll is moderately wounded.
The gnoll misses you. The gnoll closely misses you.
You sock the gnoll!
The gnoll is poisoned.
The gnoll is almost dead.
The gnoll is struck by your spines.
You kill the gnoll!
You hit the ogre but do no damage. The ogre is struck by your spines.
The ogre barely misses you.
You closely miss the ogre.
The ogre is lightly wounded.
The ogre hits you with a giant spiked club!
* * * LOW HITPOINT WARNING * * *
You hit the ogre.
The ogre is moderately wounded.
The ogre hits you with a giant spiked club!
You die...

.......#.....##
#..............## .
#...............# #.
#................ ##.#
#.................
#....#................
#........................#
#...##......<).....#....#
#.......O@..............
###...#####..###.###....#
#..##..####....#.##..##.##
#.........)...............
#.#####.###.###.........#
#.##...###......#.#
#.##..............#
#.##.....##.......#
#.##.....##....$...#


You could see an ogre.

Vanquished Creatures
  A worker ant (D:3)
  Terence (D:3)
  4 gnolls
  3 adders
  4 dart slugs
  A ball python (D:1)
  9 bats
  2 giant cockroaches
  5 goblins
  7 hobgoblins
  12 jackals
  A frilled lizard (D:2)
  3 kobolds
  13 rats
66 creatures vanquished.

Notes
Turn   | Place    | Note
-------+----------+-------------------------------------------
     0 | D:1      | Chiseanne the Demonspawn Wanderer began the quest for the Orb.
     0 | D:1      | Chiseanne set off with: a +2 falchion, a potion of lignification, a scroll of teleportation, a +0 robe, a +0 dagger, a bread ration
     0 | D:1      | Reached XP level 1. HP: 16/16 MP: 1/1
   271 | D:1      | Reached skill level 3 in Dodging
   433 | D:1      | Gained mutation: You are partially covered in molten scales. (AC +2) [demonic ancestry]
   433 | D:1      | Reached XP level 2. HP: 23/23 MP: 2/2
   863 | D:1      | Reached skill level 1 in Armour
   863 | D:1      | Gained mutation: You are partially covered in sharp spines. [demonic ancestry]
   863 | D:1      | Reached XP level 3. HP: 28/28 MP: 3/3
  1490 | D:2      | Gained mutation: You are mostly covered in molten scales. (AC +3) [demonic ancestry]
  1490 | D:2      | Reached XP level 4. HP: 34/34 MP: 4/4
  1582 | D:3      | Found a sacrificial altar of Ru.
  1748 | D:3      | Found a deep blue altar of Sif Muna.
  1828 | D:3      | Noticed Terence
  1829 | D:3      | Found a shadowy altar of Dithmenos.
  1842 | D:3      | Killed Terence
  1853 | D:3      | Reached skill level 4 in Dodging
  1853 | D:3      | Reached XP level 5. HP: 6/41 MP: 5/5
  2463 | D:3      | HP: 3/61 [poisoned by a gnoll]
  2471 | D:3      | HP: 2/41 [poisoned by a gnoll]
  2781 | D:4      | Noticed an ogre
  2803 | D:4      | Slain by an ogre

Skill      XL: |  1  2  3  4  5 |
---------------+----------------+-----
Dodging        | 3 4 |  4.1
Armour         | 1 2 |  2.1
Fighting       | 3 |  3.5
Long Blades    | |  1.7
Stealth        | |  1.7
Shields        | |  1.0

Action                   |  1- 3 |  4- 6 || total
-------------------------+-------+-------++-------
Melee: Falchion          |    83 |    64 ||   147
       Flail             |       |    12 ||    12
  Use: Scroll            |       |     9 ||     9
       Potion            |       |     2 ||     2
 Stab: Sleeping          |     5 |     1 ||     6
       Distracted        |     1 |       ||     1
  Eat: Chunk             |     1 |     5 ||     6
Armor: Robe              |    14 |       ||    14
       Ring mail         |    25 |     9 ||    34
       Scale mail        |       |    12 ||    12
       Skin              |       |     5 ||     5
Dodge: Dodged            |    59 |    38 ||    97
       Rpst.: Falchion   |    20 |     7 ||    27
